 Dungeon Crawl Stone Soup version 0.27-a0-1456-gf5a116941d (webtiles) character file.

Game seed: 3560140330840233473

264 Exaltedone87 the Slasher (level 5, -1/41 HPs)
             Began as a Demonspawn Gladiator on July 6, 2021.
             Slain by a lemure (6 damage)
             ... led by Pikel
             ... on level 4 of the Dungeon.
             The game lasted 00:04:50 (2952 turns).

Exaltedone87 the Slasher (Demonspawn Gladiator)     Turns: 2952, Time: 00:04:51

Health: -1/41      AC:  7    Str: 15    XL:     5   Next: 98%
Magic:  5/5        EV: 13    Int:  9    God:
Gold:   80         SH:  0    Dex: 21    Spells: 4/4 levels left

rFire    . . .     SeeInvis .   a - +0 long sword
rCold    . . .     Faith    .   (no shield)
rNeg     . . .     Spirit   .   b - +1 leather armour
rPois    .         Reflect  .   (helmet restricted)
rElec    .         Harm     .   (no cloak)
rCorr    .         Rampage  .   m - +0 pair of gloves
Will     .....     Clarity  +   (no boots)
Stlth    ++........             (no amulet)
HPRegen  0.13/turn              e - +6 ring of dexterity
MPRegen  0.09/turn              j - ring of flight

@: about to teleport, flying
A: horns 1, slimy green scales 1, powered by pain 1, demonic magic 1, clarity,
evolution 1
a: no special abilities


You were on level 4 of the Dungeon.
You visited 1 branch of the dungeon, and saw 4 of its levels.

You collected 80 gold pieces.

Inventory:

Hand Weapons
 a - a +0 long sword (weapon)
Missiles
 d - 3 throwing nets
 h - 17 poisoned darts (quivered)
Armour
 b - a +1 leather armour (worn)
 m - a +0 pair of gloves (worn)
Jewellery
 c - a ring of protection from cold
 e - a +6 ring of dexterity (left hand)
 j - a ring of flight (right hand)
Scrolls
 i - a scroll of teleportation
Potions
 f - a potion of magic {unknown}
 g - 2 potions of curing
 k - a potion of flight
 l - a potion of heal wounds
 n - a potion of resistance {unknown}


   Skills:
 + Level 3.2 Fighting
 * Level 4.4 Long Blades
 + Level 2.9 Throwing
 + Level 3.6 Dodging


You had 4 spell levels left.
You didn't know any spells.
Your spell library was empty.

Dungeon Overview and Level Annotations

Branches:
Dungeon (4/15)
 Temple: D:4-7

Altars:
Makhleb
Xom

Annotations:
D:4 Pikel


Innate Abilities, Weirdness & Mutations

You have a pair of small horns on your head.
You are partially covered in slimy green scales. (AC +2)
You sometimes gain a little power by taking damage.
Spells you cast may paralyse adjacent enemies.
You possess an exceptional clarity of mind.
You evolve.


Message History

Press: ? - help, Q - select action, (/) - cycle Shift-Dir - straight line, f - Pikel
Aim: Pikel, wielding a +0 whip of electrocution and wearing a +2 robe of positive energy (58% to hit)
Okay, then.
You barely miss Pikel. Your headbutt misses Pikel.
The endoplasm barely misses you.
Pikel hits you with a +0 whip of electrocution.
You slash Pikel!
Pikel is lightly wounded.
The endoplasm hits you but does no damage.
Pikel barely misses you.
Unknown command.
You hit Pikel.
Pikel is moderately wounded.
The endoplasm barely misses you. Pikel barely misses you. The lemure hits you.
The lemure barely misses you.
You hit Pikel but do no damage. Your headbutt misses Pikel.
Pikel is moderately wounded.
The endoplasm barely misses you. Pikel closely misses you.
You riposte.
You hit Pikel but do no damage. Your headbutt misses Pikel.
Pikel is moderately wounded.
The lemure hits you but does no damage. The lemure barely misses you.
Unknown command.
Throw: 18 darts (poison)
Press: ? - help, Q - select action, (/) - cycle Shift-Dir - straight line, f - Pikel
Aim: Pikel, wielding a +0 whip of electrocution and wearing a +2 robe of positive energy (moderately wounded, 58% to hit)
You throw a poisoned dart. The poisoned dart hits Pikel.
Pikel is poisoned.
Pikel is moderately wounded.
The endoplasm freezes you.
You are frozen.
Pikel hits you with a +0 whip of electrocution.
You are electrocuted!
The lemure hits you.
* * * LOW HITPOINT WARNING * * *
The lemure hits you!
* * * LOW HITPOINT WARNING * * *
The lemure barely misses you.
You riposte.
You slash the lemure!
The lemure is moderately wounded.
As you read the scroll of teleportation, it crumbles to dust.
You feel strangely unstable. The endoplasm barely misses you.
The lemure hits you.
You die...

#....####### ....#
##...###...# ....#
...........# ....#
...[.......##### ...####
...............# ##.......
##...####......# #........
#.....###......####5.......
............†..#.J5........
.#...##.........@5K5.......
.#..###................#...
.#...#.<...............# .
.##..#.....##......#......
.##........##...)..#......
....##.#>..................
#.....##............##.....
####..##.....#.....## ....
# #..# .....##.....


You could see Pikel (poisoned), 4 lemures and an endoplasm.

Vanquished Creatures
  An ogre (D:4)
  A scorpion (D:4)
  A crimson imp (D:3)
  A hound (D:2)
  An adder (D:2)
  A worm (D:3)
  A dart slug (D:3)
  An orc (D:3)
  3 ball pythons (D:1)
  4 bats (D:1)
  3 endoplasms
  3 giant cockroaches (D:1)
  2 goblins
  6 hobgoblins
  7 jackals (D:2)
  2 quokkas
  3 frilled lizards
  3 kobolds
  2 rats (D:2)
46 creatures vanquished.

Notes
Turn   | Place    | Note
-------+----------+-------------------------------------------
     0 | D:1      | Exaltedone87 the Demonspawn Gladiator began the quest for
                  | the Orb.
     0 | D:1      | Reached XP level 1. HP: 16/16 MP: 1/1
   335 | D:1      | Gained mutation: You are partially covered in slimy green
                  | scales. (AC +2) [demonic ancestry]
   335 | D:1      | Reached XP level 2. HP: 22/22 MP: 2/2
   433 | D:1      | Reached skill level 3 in Long Blades
  1318 | D:2      | Gained mutation: You evolve. [potion of mutation]
  1318 | D:2      | Gained mutation: You possess an exceptional clarity of
                  | mind. [potion of mutation]
  1404 | D:2      | Gained mutation: You have a pair of small horns on your
                  | head. [demonic ancestry]
  1404 | D:2      | Reached XP level 3. HP: 27/28 MP: 3/3
  1442 | D:2      | Gained mutation: You sometimes gain a little power by
                  | taking damage. [demonic ancestry]
  1442 | D:2      | Reached XP level 4. HP: 17/34 MP: 4/4
  2042 | D:3      | Found a burning altar of Makhleb.
  2042 | D:3      | Found a shimmering altar of Xom.
  2609 | D:3      | Found a faded altar of an unknown god.
  2856 | D:4      | Noticed an ogre
  2879 | D:4      | Killed an ogre
  2880 | D:4      | Reached skill level 4 in Long Blades
  2880 | D:4      | Gained mutation: Spells you cast may paralyse adjacent
                  | enemies. [demonic ancestry]
  2880 | D:4      | Reached XP level 5. HP: 41/41 MP: 5/5
  2941 | D:4      | Noticed Pikel
  2941 | D:4      | Noticed a lemure
  2941 | D:4      | Noticed a lemure
  2942 | D:4      | Noticed a lemure
  2942 | D:4      | Noticed a lemure
  2952 | D:4      | Slain by a lemure

Illustrated notes

Levels and vault maps discovered:
D:1:      psy_arrival_fountain, layout_loops_cross, columned_hall_lemuel,
          minmay_indecisive_spiral
D:2:      layout_basic, uniq_terence
D:3:      layout_basic, grunt_temple_overflow_champion_of_chaos,
          nicolae_overflow_hidden_temple, shapermc_ecumenical_altar_mp_vishouse
D:4:      layout_cave_pools, hangedman_decor_lopped, uniq_pikel

Skill      XL: |  1  2  3  4 |
---------------+-------------+-----
Throwing       | 2 |  2.9
Long Blades    | 3 4 |  4.4
Dodging        | 3 |  3.6
Fighting       | 3 |  3.2

Action                   |  1- 3 |  4- 6 || total
-------------------------+-------+-------++-------
Melee: Long sword        |    74 |    48 ||   122
       Headbutt          |     6 |    10 ||    16
Throw: Dart              |       |    11 ||    11
  Use: Scroll            |     4 |     6 ||    10
       Potion            |     1 |       ||     1
 Stab: Sleeping          |     2 |       ||     2
Armor: Leather armour    |    30 |    10 ||    40
Dodge: Dodged            |    53 |    29 ||    82
       Rpst.: Long sword |    25 |     7 ||    32

Table legend: (Time is in decaauts)
 A = Elapsed time spent in this place.
 B = Non-inter-level travel time spent in this place.
 C = Inter-level travel time spent in this place.
 D = Time resting spent in this place.
 E = Time spent auto-exploring this place.
 F = Levels seen in this place.
 G = Mean time per level.
                   A        B        C        D        E       F      G
               +--------+--------+--------+--------+--------+-----+--------+
         Total |   2976 |   2883 |     93 |    637 |   1758 |   4 |  744.0 |
       Dungeon |   2976 |   2883 |     93 |    637 |   1758 |   4 |  744.0 |
               +--------+--------+--------+--------+--------+-----+--------+

Top non-repeatable levels by time:
     D:1: 1095 daAuts
     D:2: 910 daAuts
     D:3: 852 daAuts
     D:4: 118 daAuts
